 Dungeon Crawl Stone Soup version 0.31.0-32-g396128a36d (webtiles) character file.

Game seed: 11354595805834494812

3332 PaiMei the Merchant of Misery (level 9, -3/69 HPs)
             Began as a Demonspawn Necromancer on Apr 2, 2024.
             Was a Believer of Kikubaaqudgha.
             Killed by divine providence
             ... invoked by an orc priest
              (12 damage)
             ... on level 8 of the Dungeon.
             The game lasted 00:12:18 (9775 turns).

PaiMei the Merchant of Misery (DsNe)                Turns: 9775, Time: 00:12:19

Health: -3/69      AC: 12    Str: 12    XL:     9   Next: 71%
Magic:  5/18       EV: 16    Int: 26    God:    Kikubaaqudgha [**....]
Gold:   388        SH:  9    Dex: 18    Spells: 13/21 levels left

rFire   . . .        q - +8 quarterstaff "Raor Kuxe" {freeze, Str+3 Dex+5}
rCold   . . .        (shield currently unavailable)
rNeg    . . .        a - +0 robe
rPois   +            (helmet restricted)
rElec   .            c - +0 cloak {rPois}
rCorr   .            (no gloves)
SInv    .            (no boots)
Will    .....        l - amulet of reflection
Stlth   +++          m - ring of poison resistance
HPRegen 0.31/turn    L - +6 ring of intelligence
MPRegen 0.16/turn

%: reflection
@: sanguine armoured
A: antennae 2, foul stench 2, sanguine armour 2, condensation shield
a: Renounce Religion, Unearth Wretches


You were on level 8 of the Dungeon.
You worshipped Kikubaaqudgha.
Kikubaaqudgha was pleased with you.
You visited 2 branches of the dungeon, and saw 9 of its levels.
You also visited: Sewer.

You collected 388 gold pieces.

Inventory:

Hand Weapons
 e - a +5 dagger
 q - the +8 quarterstaff "Raor Kuxe" (weapon) {freeze, Str+3 Dex+5}
   (You found it on level 3 of the Dungeon)

   Str+3:     It affects your strength (+3).
   Dex+5:     It affects your dexterity (+5).
 E - a +4 hand axe
 K - a +2 war axe of draining
Missiles
 d - 10 poisoned darts (quivered)
 k - a throwing net
 J - 2 silver javelins
Armour
 a - a +0 robe (worn)
 c - a +0 cloak of poison resistance (worn)
 n - a +0 buckler
 z - a +1 ring mail of positive energy
Jewellery
 l - an amulet of reflection (around neck)
 m - a ring of poison resistance (left hand)
 L - a +6 ring of intelligence (right hand)
Wands
 s - a wand of charming (17)
 y - a wand of mindburst (7)
 F - a wand of roots (4)
Scrolls
 g - 2 scrolls of revelation {unknown}
 h - 6 scrolls of identify {unknown}
 j - 5 scrolls of enchant weapon {unknown}
 r - a scroll of blinking {unknown}
 t - 2 scrolls of poison {unknown}
 v - a scroll of fog {unknown}
 w - a scroll of enchant armour {unknown}
 A - 3 scrolls of teleportation {unknown}
 B - a scroll of silence {unknown}
 H - a scroll of brand weapon {unknown}
 M - a scroll of immolation {unknown}
Potions
 b - a potion of magic
 f - 3 potions of curing
 i - a potion of invisibility {unknown}
 o - 3 potions of lignification {unknown}
 p - 2 potions of heal wounds {unknown}
 u - 2 potions of might {unknown}
 x - a potion of mutation {unknown}
 C - a potion of degeneration {unknown}
 D - a potion of berserk rage {unknown}
 G - a potion of attraction {unknown}
 I - 2 potions of brilliance {unknown}
 N - a potion of ambrosia {unknown}


   Skills:
 + Level 6.1 Fighting
 + Level 6.5 Dodging
 - Level 3.3 Stealth
 + Level 6.6 Spellcasting
 + Level 8.8 Necromancy


You had 13 spell levels left.
You knew the following spells:

 Your Spells              Type           Power      Damage    Failure   Level
a - Necrotise             Necr           100%       1d9       1%          1
b - Vampiric Draining     Necr           53%        2d9       1%          3
c - Animate Dead          Necr           53%        N/A       1%          4

Your spell library contained the following spells:

 Spells                   Type           Power      Damage    Failure   Level
 Kiss of Death            Conj/Necr      100%       2d13      1%          1
 Fugue of the Fallen      Necr           53%        N/A       1%          3
 Cigotuvi's Dreadful Rot  Necr/Alch/Air  46%        N/A       3%          2
 Curse of Agony           Necr           53%        N/A       4%          5
 Shock                    Conj/Air       32%        1d5       7%          1
 Anguish                  Hex/Necr       15%        N/A       11%         4
 Call Canine Familiar     Summ           8%         N/A       21%         3
 Inner Flame              Hex/Fire       8%         N/A       21%         3
 Ozocubu's Armour         Ice            8%         N/A       21%         3
 Sigil of Binding         Hex            8%         N/A       21%         3
 Swiftness                Air            8%         N/A       21%         3
 Tukima's Dance           Hex            8%         N/A       21%         3
 Airstrike                Air            4%         2d(1-17)  54%         4
 Cause Fear               Hex            4%         N/A       54%         4
 Dimensional Bullseye     Hex/Tloc       4%         N/A       54%         4
 Flame Wave               Conj/Fire      8%         2d5       54%         4
 Passage of Golubria      Tloc           8%         N/A       54%         4
 Sticky Flame             Fire/Alch      8%         2d4       54%         4
 Metabolic Englaciation   Hex/Ice        4%         N/A       88%         5
 Yara's Violent Unravell  Hex/Alch       4%         3d4       88%         5
 Sculpt Simulacrum        Ice/Alch       4%         N/A       100%        6
 Enfeeble                 Hex            4%         N/A       100%        7


Dungeon Overview and Level Annotations

Branches:
Dungeon (8/15)             Temple (1/1) D:5           Sewer (visited)
   Lair: D:8-11

Altars:
Ashenzari
Cheibriados
Dithmenos
Fedhas
Gozag
Hepliaklqana
Kikubaaqudgha
Makhleb
Nemelex Xobeh
Okawaru
Qazlal
Ru
Sif Muna
Trog
Uskayaw
Vehumet
Xom
Yredelemnul

Shops:
D:1 *   D:6 =   D:7 :

Annotations:
D:7 3 runed translucent doors, brilapsti's ghost, novice AtWr


Innate Abilities, Weirdness & Mutations

You have a pair of antennae on your head.
You sometimes emit foul miasma when damaged in melee.
When seriously injured, your blood forms thick armour. (AC +9)
A meltable shield of frost defends you. (SH +4)


Message History

* * * LOW HITPOINT WARNING * * *
You barely miss the yak.
The yak is heavily wounded.
The yak gores you but does no damage. The yak closely misses you.
It was a potion of curing.
You feel better. The yak misses you. The yak barely misses you.
You hit the yak. You freeze the yak.
The yak is severely wounded.
You block the yak's attack. The yak gores you but does no damage.
You barely miss the yak.
The yak is severely wounded.
The yak gores you but does no damage. You block the yak's attack.
The yak barely misses you. The yak gores you but does no damage.
You hit the yak. You freeze the yak.
The yak is almost dead.
The yak gores you but does no damage. The yak barely misses you.
You hit the yak. You freeze the yak.
The yak is almost dead.
The sentinel's mark upon you fades away.
The yak gores you but does no damage. The yak barely misses you.
You sock the yak! You freeze the yak.
You kill the yak!
Kikubaaqudgha accepts your kill. The yak gores you!
* * * LOW HITPOINT WARNING * * *
You emit a cloud of foul miasma!
The yak is engulfed in dark miasma.
The yak is poisoned.
You block the yak's attack.
You see here a yak corpse.
Found 22 gold pieces.
An orc priest comes into view. It is wielding a +0 dagger.
The yak attacks as it pursues you! The yak gores you.
* * * LOW HITPOINT WARNING * * *
An orc comes into view. It is wielding a +0 club.
An orc priest comes into view. It is wielding a +0 club.
The yak attacks as it pursues you! The yak gores you but does no damage.
The orc priest calls down the wrath of Beogh upon you.
Beogh smites you!
You die...
Kikubaaqudgha rasps: "You have failed me!
Welcome... death!"

##..#.##.#..
#..........
#..........
##.........
#.###.#######.
#.....# #.
#####.# #.
#############.#
#.
#....@.Y.†.°Yy#
#.
#$#####..####Y#
#. #..# #{# #.
.>...............
##...##o.#Y#####.
....o.y.#.# #.
...........#
..#.....#Y ##
.......


You could see 2 yaks and an orc priest.

Vanquished Creatures
  A hornet (D:8)
  2 yaks (D:8)
  2 steam dragons (D:7)
  2 orc warriors (D:7)
  An ogre (D:5)
  3 centaurs
  A scorpion (D:7)
  7 wights
  15 killer bees
  An electric eel (D:6)
  4 hounds
  A jelly (D:7)
  3 bombardier beetles
  Crazy Yiuf (D:4)
  2 gnoll boudas
  An orc priest (D:6)
  2 sleepcaps (D:7)
  An iguana (D:5)
  3 orc wizards
  A hell rat (Sewer)
  19 gnolls
  5 adders
  4 river rats (Sewer)
  A shadow imp (D:6)
  2 white imps
  5 dart slugs
  5 ribbon worms
  13 orcs
  5 ball pythons
  5 bats
  12 endoplasms
  3 giant cockroaches
  6 goblins
  7 hobgoblins
  3 jackals (D:3)
  2 kobolds (D:3)
  2 quokkas
  A frilled lizard (D:3)
  10 rats
164 creatures vanquished.

Vanquished Creatures (collateral kills)
  A gnoll (D:7)
1 creature vanquished.

Vanquished Creatures (others)
  3 orc zombies (D:6)
3 creatures vanquished.

Grand Total: 168 creatures vanquished

Notes
Turn   | Place    | Note
-------+----------+-------------------------------------------
     0 | D:1      | PaiMei the Demonspawn Necromancer began the quest for the
                  | Orb.
     0 | D:1      | Reached XP level 1. HP: 13/13 MP: 3/3
   251 | D:1      | Gained mutation: When seriously injured, your blood forms
                  | armour. (AC +9) [demonic ancestry]
   251 | D:1      | Reached XP level 2. HP: 19/19 MP: 1/5
   652 | D:1      | Found Daogoox's Assorted Antiques.
  1070 | D:2      | Gained mutation: You may rarely emit foul miasma when
                  | damaged in melee. [demonic ancestry]
  1070 | D:2      | Reached XP level 3. HP: 12/24 MP: 1/6
  1494 | D:2      | You fall into a shaft and drop 1 floor!
  1508 | D:3      | Gained mutation: When seriously injured, your blood forms
                  | thick armour. (AC +9) [demonic ancestry]
  1508 | D:3      | Reached XP level 4. HP: 15/30 MP: 0/8
  1713 | D:3      | Reached skill level 5 in Necromancy
  2239 | D:3      | Identified the +8 quarterstaff "Raor Kuxe" {freeze, Str+3
                  | Dex+5}
  2927 | D:4      | Found a sparkling altar of Nemelex Xobeh.
  2939 | D:4      | Found a burning altar of Makhleb.
  3057 | D:4      | Found a runed translucent door.
  3058 | D:4      | Noticed Crazy Yiuf
  3234 | D:4      | Found a glowing drain.
  3267 | Sewer    | Entered a sewer
  3277 | Sewer    | Gained mutation: You sometimes emit foul miasma when
                  | damaged in melee. [demonic ancestry]
  3277 | Sewer    | Reached XP level 5. HP: 35/35 MP: 1/9
  3990 | D:4      | Found a broken altar of Ashenzari.
  4303 | D:3      | Learned a level 3 spell: Vampiric Draining
  4308 | D:3      | Learned a level 4 spell: Animate Dead
  4531 | D:4      | Found a hide-covered altar of Uskayaw.
  4680 | D:4      | Killed Crazy Yiuf
  4681 | D:4      | Gained mutation: You have a pair of small antennae on your
                  | head. [demonic ancestry]
  4681 | D:4      | Reached XP level 6. HP: 42/42 MP: 0/10
  4800 | D:5      | Entered Level 5 of the Dungeon
  4897 | D:5      | Reached skill level 1 in Fighting
  4955 | D:5      | Found a staircase to the Ecumenical Temple.
  4964 | Temple   | Entered the Ecumenical Temple
  4996 | Temple   | Became a worshipper of Kikubaaqudgha
  5184 | D:5      | Found a sacrificial altar of Ru.
  5671 | D:5      | Reached skill level 6 in Necromancy
  5671 | D:5      | Gained mutation: You have a pair of antennae on your head.
                  | [demonic ancestry]
  5671 | D:5      | Reached XP level 7. HP: 47/50 MP: 1/12
  6864 | D:6      | Reached * piety under Kikubaaqudgha
  6864 | D:6      | Received a gift from Kikubaaqudgha
  7088 | D:6      | Reached XP level 8. HP: 21/58 MP: 6/14
  7513 | D:6      | Found Leist's Jewellery Shop.
  7617 | D:6      | Reached skill level 7 in Necromancy
  7988 | D:7      | Reached skill level 5 in Spellcasting
  8035 | D:7      | Reached skill level 5 in Dodging
  8318 | D:7      | Found Gualyrim's Book Emporium.
  8369 | D:7      | Found a runed translucent gate.
  8370 | D:7      | Found a runed translucent gate.
  8378 | D:7      | Found a runed translucent gate.
  8395 | D:7      | Noticed brilapsti's ghost (novice AtWr)
  8396 | D:7      | Identified the +1 chain mail of Ravioli {Str+3 Int+3}
  8799 | D:7      | Found a shadowy altar of Dithmenos.
  8810 | D:7      | Gained mutation: A meltable shield of frost defends you.
                  | (SH +4) [demonic ancestry]
  8810 | D:7      | Reached XP level 9. HP: 62/67 MP: 11/17
  8816 | D:7      | Reached skill level 5 in Fighting
  8820 | D:7      | Reached ** piety under Kikubaaqudgha
  8826 | D:7      | Reached skill level 8 in Necromancy
  9775 | D:8      | Killed from afar by an orc priest

Illustrated notes

Levels and vault maps discovered:
D:1:      heliophobic_arrival_henge, layout_loops_ring, serial_shops, shop
D:2:      layout_rooms
D:3:      layout_loops_corners, nicolae_titane
D:4:      layout_basic, nicolae_overflow_quartered_altars, serial_forest,
          infiniplex_forest_clump_small, infiniplex_forest_straight_4,
          infiniplex_forest_straight_1, infiniplex_forest_lined_2,
          infiniplex_forest_zigzag_2, infiniplex_forest_straight_2,
          infiniplex_forest_clump_medium, infiniplex_forest_end_3,
          cheibrodos_sewer_entry_bend, grunt_ministairs_10,
          columned_hall_lemuel, minivault_11, uniq_crazy_yiuf_cottage
D:5:      minmay_evil_eye, layout_loops_corners, old_standard_altar,
          minmay_temple_entry_waves
D:6:      wander_river, layout_basic, serial_shops, nicolae_inconvenience_store,
          chequers_serial_rivers_large_b, kennysheep_flooded_box,
          kennysheep_small_square, uniq_menkaure
D:7:      layout_loops_cross, mainiacjoe_overflow_small_starburst,
          biasface_ghost_orc_armoury, serial_shops, nicolae_shop_real_fake_doors
D:8:      layout_loops_cross, nicolae_wu_jian_immortal_techniques,
          kennysheep_pointless_box, grunt_decor_resistance,
          kb_lookout_dungeons_type
Temple:   regret_index_temple_waves

Skill      XL: |  1  2  3  4  5  6  7  8  9 |
---------------+----------------------------+-----
Stealth        | 2 3 |  3.3
Dodging        | 2 3 4 5 6 |  6.5
Necromancy     | 5 6 7 8 |  8.8
Spellcasting   | 3 4 5 6 |  6.6
Fighting       | 2 3 4 6 |  6.1

Action                     |  1- 3 |  4- 6 |  7- 9 || total
---------------------------+-------+-------+-------++-------
  Melee: Spear             |     8 |       |       ||     8
         Dagger            |    24 |     1 |       ||    25
         Quarterstaff      |       |    36 |   117 ||   153
   Cast: Necrotise         |    71 |    90 |    57 ||   218
         Vampiric Draining |       |    16 |    55 ||    71
         Animate Dead      |       |       |     1 ||     1
  Evoke: Wand              |       |     1 |       ||     1
    Use: Potion            |       |       |     1 ||     1
 Armour: Robe              |    38 |    52 |   139 ||   229
  Dodge: Dodged            |    41 |    64 |   130 ||   235
  Block: Other             |       |     5 |    70 ||    75
         Reflection        |       |       |     2 ||     2
